AoeStats
← Jafarr

Arabia

510168149Analyzed
1v1 RM · 3d ago on Sep 29, 2026· 40m 42s· 2 players
Game mode
Random Map
Map size
Tiny (2 player)
Population
200
Speed
Normal
Resources
Standard
Victory
Conquest
Starting age
Dark Age
Ending age
Imperial Age
RankedLock teamsTeams togetherTeam positionsShared explorationLock speedFull tech treeHidden civsTurbo modeCheats
Victory
Defeat
🇬🇧 Cumans · United Kingdom
1246
+17
🇺🇸 Khitans · United States
1272
-17
SimCity2000
10:56 Feudal Age
10:58 Loom
11:34 Double-Bit Axe
23:46 Castle Age
22:24 Fletching
22:34 Padded Archer Armor
29:20 Leather Archer Armor
30:05 Ballistics
30:34 Bow Saw
31:07 Elite Skirmisher
31:50 Bodkin Arrow
36:58 Bloodlines
40:32 Imperial Age
39:46 Gold Mining
39:47 Horse Collar
Jafarr
6:49 Loom
9:28 Feudal Age
11:10 Man-at-Arms
13:26 Double-Bit Axe
16:08 Domestication
23:15 Castle Age
21:50 Gold Mining
21:54 Fletching
23:12 Padded Archer Armor
24:07 Bodkin Arrow
24:32 Bow Saw
26:51 Ballistics
31:34 Thumb Ring
39:52 Pastoralism
40:29 Wheelbarrow
Connection lost

Rejoining the realm…

Still unreachable

The connection could not be restored.

Session expired

The server has moved on; the page needs a fresh start.